Map: Lerilak Crest

Players

Grumm

  • Race: Protoss Protoss
  • League: Gold

ZiNK - Winner!

  • Race: Terran Terran
  • League: Gold

VOD

Have the link to the VOD?

Description

Time

  • Played on: Feb. 1, 2016, 6:36 p.m.
  • Length: 10:13
Show
View Real Time Build Order
Export as new Build Order

Grumm Protoss 

Build Orders: Nexus First, Oracle Opening 

Get SALT Encoding   

  12  0:01  Probe (Chrono Boost)  
  13  0:11  Probe (Chrono Boost)  
  14  0:41  Nexus  
  14  0:45  Probe (Chrono Boost)  
  15  0:57  Pylon  
  15  1:06  Assimilator  
  15  1:15  Probe (Chrono Boost)  
  16  1:19  Gateway  
  16  1:26  Probe (Chrono Boost)  
  16  1:30  Forge  
  17  1:41  Pylon  
  17  1:43  Probe (Chrono Boost)  
  19  1:54  Probe (Chrono Boost)  
  19  1:58  Gateway  
  19  2:02  Probe (Chrono Boost)  
  20  2:14  Cybernetics Core  
  20  2:19  Probe (Chrono Boost)  
  21  2:25  Gateway  
  21  2:28  Probe (Chrono Boost)  
  22  2:42  Pylon  
  22  2:52  Stargate  
  22  2:55  Assimilator, Probe x2 (Chrono Boost)  
  24  2:58  Assimilator  
  24  3:06  Probe x2 (Chrono Boost)  
  24  3:12  Warp Gate  
  26  3:16  Assimilator, Probe (Chrono Boost)  
  26  3:17  Probe (Chrono Boost)  
  29  3:27  Probe (Chrono Boost)  
  29  3:31  Pylon, Probe (Chrono Boost)  
  30  3:37  Probe (Chrono Boost)  
  31  3:42  Oracle (Chrono Boost)  
  31  3:48  Probe (Chrono Boost)  
  35  3:54  Stalker, Zealot  
  38  4:00  Zealot  
  40  4:12  Probe  
  40  4:13  Mothership Core  
  43  4:21  Zealot  
  43  4:22  Probe  
  46  4:24  Zealot  
  48  4:40  Probe  
  49  4:50  Void Ray (Chrono Boost)  
  49  4:51  Probe  
  54  4:53  Pylon  
  54  4:59  Robotics Facility  
  54  5:03  Pylon  
  54  5:10  Probe  
  55  5:20  Probe  
  55  5:21  Probe  
  55  5:22  Pylon  
  55  5:27  Zealot x3  
  55  5:47  Immortal  
  55  5:48  Zealot x2  
  55  5:49  Stalker  
  61  6:16  Stalker  
  61  6:17  Stalker x2  
  51  6:38  Void Ray (Chrono Boost), Immortal  
  59  6:47  Probe, Zealot x2  
  59  6:48  Zealot  
  66  7:10  Probe  
  66  7:13  Zealot x3  
  70  7:24  Probe  
  70  7:26  Nexus  
  70  7:27  Pylon  
  71  7:34  Probe x2  
  71  7:35  Photon Cannon  
  73  7:41  Photon Cannon  
  57  8:01  Probe, Zealot  
  57  8:02  Zealot x2  
  57  8:03  Protoss Ground Armor Level 1  
  57  8:05  Void Ray (Chrono Boost)  
  64  8:13  Probe  
  65  8:21  Pylon  
  65  8:22  Gateway  
  65  8:24  Gateway  
  65  8:32  Zealot x2  
  65  8:33  Zealot  
  71  8:43  Immortal  
  57  9:05  Zealot x3  
  59  9:11  Photon Cannon  
  59  9:18  Void Ray (Chrono Boost)  
  59  9:20  Adept  
  59  9:21  Sentry  
  59  9:22  Immortal  
  70  9:30  Probe  
  70  9:32  Probe  
  70  9:33  Zealot x2  
  70  9:35  Sentry  
  65  9:56  Zealot x2  
  65  9:57  Zealot x2  
  61  10:00  Zealot  
Show
View Real Time Build Order
Export as new Build Order

ZiNK Terran - Winner!

Build Orders: MMM Bio 

Get SALT Encoding   

  12  0:01  SCV  
  13  0:13  SCV  
  14  0:18  Supply Depot  
  14  0:25  SCV  
  15  0:39  SCV  
  15  0:40  Barracks  
  16  0:47  Refinery  
  16  0:52  SCV  
  17  0:57  Refinery  
  17  1:01  Supply Depot  
  17  1:05  SCV  
  18  1:18  SCV  
  19  1:31  Orbital Command  
  19  1:43  Factory  
  19  1:46  Barracks Tech Lab  
  19  1:58  Supply Depot  
  19  1:59  SCV  
  20  2:07  Stimpack  
  20  2:11  SCV  
  21  2:23  SCV  
  21  2:26  Factory Tech Lab  
  21  2:27  Engineering Bay  
  22  2:30  Starport  
  22  2:36  Marauder  
  24  2:38  SCV  
  25  2:50  SCV  
  26  2:56  Engineering Bay  
  26  3:00  Siege Tank  
  29  3:11  SCV  
  30  3:14  Medivac  
  30  3:18  Supply Depot  
  32  3:23  Marauder  
  34  3:37  Terran Infantry Weapons Level 1  
  34  3:40  Supply Depot  
  34  3:49  Marauder  
  36  3:58  Barracks  
  36  4:10  Marine  
  36  4:13  Siege Tank  
  40  4:28  Marauder  
  40  4:30  Viking  
  43  4:42  Missile Turret  
  43  4:47  Barracks Reactor  
  43  4:49  Marine  
  44  5:02  Command Center  
  44  5:07  Marine  
  44  5:08  Missile Turret  
  44  5:11  SCV  
  46  5:23  Marine, SCV  
  46  5:24  Marine x2  
  50  5:29  Medivac  
  52  5:41  Siege Tank  
  55  6:02  Marine, SCV  
  55  6:05  Marine  
  55  6:06  Viking  
  55  6:11  Marine  
  54  6:14  SCV  
  47  6:30  Marine  
  47  6:31  Marine x2  
  47  6:32  Siege Tank  
  53  6:34  SCV x2  
  55  6:46  SCV  
  54  6:50  Orbital Command  
  54  6:53  Refinery  
  53  6:55  Starport  
  53  6:58  SCV  
  54  7:03  Marine  
  54  7:04  Marine x2  
  52  7:15  Starport Reactor  
  52  7:20  SCV x2  
  52  7:21  Marine x2  
  58  7:25  Siege Tank  
  58  7:26  Marine  
  58  7:28  Combat Shields  
  60  7:30  Terran Infantry Armor Level 1  
  60  7:36  Starport Reactor  
  60  7:39  Marine x2  
  59  7:44  Marine  
  51  7:57  Marine x2  
  51  7:58  Medivac, Viking  
  49  8:02  Widow Mine, Marine  
  49  8:04  SCV x2  
  56  8:09  Refinery  
  56  8:15  Marine  
  56  8:16  SCV  
  56  8:17  Marine  
  59  8:20  Marine  
  59  8:27  SCV  
  61  8:28  Viking  
  61  8:29  Viking  
  61  8:30  Widow Mine  
  61  8:33  Marine  
  68  8:43  SCV x2  
  68  8:45  Marine  
  70  8:49  Marine  
  70  8:50  Marine  
  70  8:55  SCV  
  69  9:03  Marine  
  70  9:36  Supply Depot  
  70  9:37  Supply Depot  
  70  9:39  Supply Depot  
  70  9:48  Marine  
  70  9:52  SCV x2  
  70  9:55  Marine  
Tags
 
Add a new tag
Caveats
  • Supply blocks, unpowered buildings, or Contaminate may cause inaccurate times.
  • Supply counts are checked every 10 seconds.